 Dungeon Crawl Stone Soup version 0.30-a0-395-gfe72c296f8 (webtiles) character file.

Game seed: 7044519429753699400

7039 Bnni the Jinx (level 11, -1/84 HPs)
             Began as a Formicid Hexslinger on Dec 7, 2022.
             Was a High Priest of Okawaru.
             Slain by a boulder beetle (21 damage)
             ... on level 8 of the Dungeon.
             The game lasted 00:19:39 (7883 turns).

Bnni the Jinx (Formicid Hexslinger)                 Turns: 7883, Time: 00:19:40

Health: -1/84      AC: 11    Str: 15    XL:     11   Next: 29%
Magic:  5/15       EV: 12    Int: 13    God:    Okawaru [*****.]
Gold:   416        SH:  0    Dex: 24    Spells: 5/16 levels left

rFire   + + +      SeeInvis +    C - +0 shortbow (drain)
rCold   . . .      Faith    +    (no shield)
rNeg    + . .      Spirit   .    l - +2 leather armour {rN+}
rPois   .          Reflect  .    (helmet unavailable)
rElec   .          Harm     .    i - +0 cloak
rCorr   +          Rampage  .    o - +0 pair of gloves of the Hunter {Drain rF+++ rCorr Dex+6}
Will    +....                    (no boots)
Stlth   ++........               f - amulet of faith
HPRegen 0.34/turn                A - +4 ring of protection
MPRegen 0.14/turn                (no ring)

@: no status effects
A: permanent stasis, dig shafts and tunnels, antennae 3, four strong arms
a: Dig, Shaft Self, Renounce Religion, Heroism, Finesse, Duel


You were on level 8 of the Dungeon.
You worshipped Okawaru.
Okawaru was extremely pleased with you.
You visited 2 branches of the dungeon, and saw 9 of its levels.

You collected 416 gold pieces.

Inventory:

Hand Weapons
 a - a +5 scimitar of freezing
 C - a +0 shortbow of draining (weapon)
Missiles
 k - 2 throwing nets
 y - 12 poisoned darts
Armour
 i - a +0 cloak (worn)
 l - a +2 leather armour of positive energy (worn)
 o - the +0 pair of gloves of the Hunter (worn) {Drain rF+++ rCorr Dex+6}
   (You acquired it on level 7 of the Dungeon)

   Dex:       It affects your dexterity (+6).
   rF:        It renders you almost immune to fire.
   rCorr:     It protects you from acid and corrosion.
   Drain:     It drains your maximum health when unequipped.
 D - a +0 buckler
Jewellery
 f - an amulet of faith (around neck)
 A - a +4 ring of protection (left hand)
Wands
 B - a wand of paralysis (12)
Scrolls
 b - a scroll of poison
 c - 3 scrolls of brand weapon {unknown}
 e - 2 scrolls of enchant weapon {unknown}
 g - 2 scrolls of vulnerability {unknown}
 h - 2 scrolls of magic mapping {unknown}
 j - 4 scrolls of teleportation {unknown}
 m - 2 scrolls of enchant armour
 u - 2 scrolls of fear {unknown}
 v - a scroll of noise {unknown}
 w - a scroll of immolation {unknown}
Potions
 d - 2 potions of might
 n - 2 potions of curing
 p - a potion of attraction {unknown}
 q - a potion of resistance {unknown}
 r - 4 potions of flight {unknown}
 s - a potion of ambrosia {unknown}
 x - a potion of magic {unknown}
 z - 3 potions of degeneration {unknown}


   Skills:
 + Level 7.5 Fighting
 * Level 9.9 Ranged Weapons
 - Level 1.7 Dodging
 * Level 2.4 Shields
 - Level 3.0 Spellcasting
 - Level 12.0 Hexes
 - Level 2.0 Translocations
 - Level 2.0 Fire Magic
 + Level 5.6 Invocations


You had 5 spell levels left.
You knew the following spells:

 Your Spells              Type           Power      Damage    Failure   Level
a - Slow                  Hex            100%       N/A       1%          1
b - Inner Flame           Hex/Fire       20%        N/A       4%          3
d - Cause Fear            Hex            16%        N/A       1%          4
o - Portal Projectile     Hex/Tloc       40%        N/A       4%          3

Your spell library contained the following spells:

 Spells                   Type           Power      Damage    Failure   Level
 Ensorcelled Hibernation  Hex/Ice        34%        N/A       3%          2
 Necrotise                Necr           4%         1d4       28%         1
 Gell's Gravitas          Tloc           7%         N/A       36%         3
 Lesser Beckoning         Tloc           14%        N/A       36%         3
 Teleport Other           Tloc           7%         N/A       36%         3
 Cigotuvi's Dreadful Rot  Necr/Pois/Air  2%         N/A       38%         2
 Passwall                 Tmut/Erth      0%         N/A       38%         2
 Poisonous Vapours        Pois/Air       2%         N/A       38%         2
 Vhi's Electric Charge    Tloc/Air       8%         N/A       50%         3
 Mephitic Cloud           Conj/Pois/Air  1%         N/A       63%         3
 Vampiric Draining        Necr           1%         2d6       63%         3
 Airstrike                Air            0%         2d(1-17)  95%         4
 Olgreb's Toxic Radiance  Pois           1%         N/A       95%         4
 Agony                    Necr           1%         N/A       100%        5
 Arcjolt                  Conj/Air       0%         1d10      100%        5
 Lightning Bolt           Conj/Air       0%         1d11      100%        5
 Dispersal                Tloc           3%         N/A       100%        6
 Ozocubu's Refrigeration  Ice            0%         4d7       100%        7
 Ignition                 Fire           3%         3d4       100%        8
 Maxwell's Capacitive Co  Air            0%         ∞         100%        8
 Swiftness                Air            Unusable   N/A       N/A         3
 Summon Lightning Spire   Summ/Air       Unusable   N/A       N/A         4

Dungeon Overview and Level Annotations

Branches:
Dungeon (8/15)             Temple (1/1) D:6
   Lair: D:8-11

Altars:
Ashenzari
Cheibriados
Dithmenos
Elyvilon
Fedhas
Gozag
Hepliaklqana
Kikubaaqudgha
Makhleb
Nemelex Xobeh
Okawaru
Ru
Sif Muna
Trog
Uskayaw
Vehumet
Xom
Yredelemnul
Zin
The Shining One

Shops:
D:7 !

Annotations:
D:5 3 runed translucent doors, Anamonty's ghost, novice OpVM; Heedrag's ghost, novice DsCj


Innate Abilities, Weirdness & Mutations

You cannot be hasted, slowed, berserked, paralysed or teleported.
You can dig through walls and to a lower floor.
You have a pair of large antennae on your head. (SInv)
Your four strong arms can wield two-handed weapons with a shield.


Message History

Aiming: Slow (safe; 1% risk of failure)
Press: ? - help, Shift-Dir - straight line, f/p - boulder beetle
Aim: a boulder beetle (chance to affect: 38%)
The boulder beetle resists with some effort.
You are engulfed in blazing flames.
You resist.
* * * LOW HITPOINT WARNING * * *
The boulder beetle waves its antennae.
The boulder beetle misses you.
Unknown command.
You feel much better.
You are engulfed in blazing flames.
You resist.
You carefully extract the barbed spikes from your body.
The boulder beetle closely misses you.
Casting: Slow (safe; 1% risk of failure)
Confirm with . or Enter, or press ? or * to list all spells.
Aiming: Slow (safe; 1% risk of failure)
Press: ? - help, Shift-Dir - straight line, f/p - boulder beetle
Aim: a boulder beetle (chance to affect: 38%)
The boulder beetle resists with some effort.
You are engulfed in blazing flames.
You resist.
The boulder beetle completely misses you.
Unknown command.
Casting: Slow (safe; 1% risk of failure)
Confirm with . or Enter, or press ? or * to list all spells.
Aiming: Slow (safe; 1% risk of failure)
Press: ? - help, Shift-Dir - straight line, f/p - boulder beetle
Aim: a boulder beetle (chance to affect: 38%)
The boulder beetle resists with some effort.
You are engulfed in blazing flames.
You resist. The boulder beetle bites you.
Unknown command.
Casting: Slow (safe; 1% risk of failure)
Confirm with . or Enter, or press ? or * to list all spells.
Aiming: Slow (safe; 1% risk of failure)
Press: ? - help, Shift-Dir - straight line, f/p - boulder beetle
Aim: a boulder beetle (chance to affect: 38%)
The boulder beetle resists with some effort.
You are engulfed in blazing flames.
You resist. The boulder beetle bites you!
* * * LOW HITPOINT WARNING * * *
Unknown command.
The boulder beetle bites you!!
You die...

♣.............♣#♣.♣♣.#.#
♣.♣♣♣♣♣♣♣♣♣♣♣.♣#.♣♣..#.#
♣.........♣.♣#.♣..♣#.#
♣.♣♣♣♣♣♣♣.♣.♣#...♣♣#.#
♣.♣######....#....♣#..
♣.♣#§☼○[#....#....♣#.#
♣.♣#§§☼[#...())......#
{♣.♣#§####....#..♣♣♣#.#
♣.♣#B@.......#..♣♣.#.#
♣.♣♣♣♣♣♣♣.♣.♣#.♣...#.#
♣...........♣#....♣#..
♣♣♣♣♣♣♣♣♣♣♣♣♣#...♣♣#..
#..♣♣ #.. #.♣.♣ #.#
##### #.. ###


You could see a boulder beetle.

Vanquished Creatures
  A two-headed ogre (D:8)
  A manticore (D:8)
  A cyclops (D:8)
  A troll (D:7)
  A slime creature (D:8)
  A wyvern (D:8)
  11 yaks (D:7)
  A vampire (D:8)
  A steam dragon (D:6)
  A water moccasin (D:6)
  An orc warrior (D:8)
  Duvessa (D:6)
  2 black bears
  2 ice beasts
  A sky beast (D:7)
  3 ogres
  2 centaurs
  3 phantoms
  2 bullfrogs
  3 necrophages
  2 gnoll sergeants
  5 scorpions
  6 wights (D:6)
  Dowan (D:6)
  A killer bee (D:8)
  2 howler monkeys
  4 hounds
  4 orc priests
  5 iguanas
  4 orc wizards
  Robin (D:3)
  3 adders
  7 gnolls
  A shadow imp (D:8)
  A white imp (D:5)
  2 ufetubi
  3 worms
  3 dart slugs
  25 orcs
  5 endoplasms
  3 giant cockroaches
  6 hobgoblins
  15 jackals
  4 kobolds
  7 quokkas
  2 ball pythons (D:2)
  4 bats
  2 frilled lizards (D:1)
  14 goblins
  5 rats
187 creatures vanquished.

Vanquished Creatures (others)
  15 plants (D:2)
  5 withered plants (D:5)
20 creatures vanquished.

Grand Total: 207 creatures vanquished

Notes
Turn   | Place    | Note
-------+----------+-------------------------------------------
     0 | D:1      | Bnni the Formicid Hexslinger began the quest for the Orb.
     0 | D:1      | Reached XP level 1. HP: 15/15 MP: 2/2
   141 | D:1      | Reached XP level 2. HP: 21/21 MP: 3/3
   395 | D:1      | Reached skill level 4 in Hexes
   639 | D:1      | Reached XP level 3. HP: 26/26 MP: 5/5
  1515 | D:3      | Reached skill level 1 in Fire Magic
  1515 | D:3      | Reached XP level 4. HP: 7/33 MP: 6/6
  1638 | D:2      | Learned a level 3 spell: Inner Flame
  1676 | D:3      | Found a broken altar of Ashenzari.
  1898 | D:3      | Noticed Robin
  1950 | D:3      | Reached XP level 5. HP: 34/34 MP: 7/7
  1965 | D:3      | Killed Robin
  1966 | D:3      | Reached skill level 1 in Translocations
  2576 | D:4      | Learned a level 4 spell: Cause Fear
  2659 | D:4      | Reached XP level 6. HP: 13/45 MP: 9/9
  2809 | D:4      | Noticed a black bear
  2817 | D:4      | Reached skill level 5 in Hexes
  2819 | D:4      | Killed a black bear
  2914 | D:4      | Reached XP level 7. HP: 24/51 MP: 10/10
  3399 | D:5      | Entered Level 5 of the Dungeon
  3464 | D:5      | Learned a level 3 spell: Portal Projectile
  3690 | D:5      | Reached skill level 6 in Hexes
  3857 | D:5      | HP: 1/52 [ice beast (10)]
  3861 | D:5      | Reached XP level 8. HP: 32/58 MP: 12/12
  4077 | D:5      | Reached skill level 5 in Ranged Weapons
  4294 | D:5      | Reached skill level 7 in Hexes
  4667 | D:5      | Found a runed translucent gate.
  4667 | D:5      | Found a runed translucent gate.
  4667 | D:5      | Found a runed translucent gate.
  4671 | D:5      | Noticed Anamonty's ghost (novice OpVM)
  4671 | D:5      | Noticed Heedrag's ghost (novice DsCj)
  5174 | D:6      | Noticed Duvessa
  5177 | D:6      | Noticed Dowan
  5204 | D:5      | Reached skill level 8 in Hexes
  5204 | D:5      | Reached XP level 9. HP: 19/66 MP: 3/13
  5594 | D:6      | Reached skill level 5 in Fighting
  5615 | D:6      | Killed Duvessa
  5631 | D:6      | Killed Dowan
  5753 | D:6      | Found a staircase to the Ecumenical Temple.
  5766 | D:6      | Reached skill level 9 in Hexes
  5777 | Temple   | Entered the Ecumenical Temple
  5833 | Temple   | Became a worshipper of Warmaster Okawaru
  5976 | D:6      | Reached skill level 1 in Invocations
  6047 | D:6      | Reached * piety under Okawaru
  6512 | D:7      | Identified a scroll of acquirement
  6513 | D:7      | Acquired the +0 pair of gloves of the Hunter {Drain rF+++
                  | rCorr Dex+6}
  6682 | D:7      | Reached XP level 10. HP: 72/76 MP: 10/14
  6792 | D:7      | Reached skill level 10 in Hexes
  6991 | D:7      | Reached ** piety under Okawaru
  7003 | D:7      | Reached *** piety under Okawaru
  7008 | D:7      | Reached skill level 11 in Hexes
  7093 | D:7      | Found Xihucip's Distillery.
  7475 | D:8      | Reached **** piety under Okawaru
  7627 | D:8      | Reached XP level 11. HP: 61/84 MP: 12/15
  7655 | D:8      | Noticed a cyclops
  7662 | D:8      | Killed a cyclops
  7662 | D:8      | Noticed a two-headed ogre
  7663 | D:8      | Reached skill level 5 in Invocations
  7668 | D:8      | Killed a two-headed ogre
  7870 | D:8      | Noticed a boulder beetle
  7870 | D:8      | Noticed a manticore
  7876 | D:8      | Killed a manticore
  7876 | D:8      | Reached ***** piety under Okawaru
  7877 | D:8      | Reached skill level 12 in Hexes
  7883 | D:8      | Slain by a boulder beetle

Illustrated notes

Levels and vault maps discovered:
D:1:      nzn_arrival_depleted_hourglass, layout_basic, st_stairs_14,
          serial_bayou_pond_d
D:2:      layout_loops_ring, serial_bayou, serial_bayou_lagoon_a,
          serial_bayou_pond_e, serial_bayou_ford_a, serial_bayou_pond_d,
          reono_crystal_passage, corexii_corridor_pit
D:3:      minmay_evil_eye, layout_basic, nicolae_ashenzari_skybound, uniq_robin
D:4:      layout_cave_pools, portal_sewer_entry_e
D:5:      kennysheep_six_static_rooms, layout_basic, gammafunk_ghost_cemetery
D:6:      layout_basic, temple_green, uniq_duvessa
D:7:      layout_basic, serial_corexii_hall, corexii_hall_statues_i,
          corexii_hall_statues_s, serial_shops, nicolae_shop_statue_plus
D:8:      nzn_winding_woodlands_cross [nzn_winding_woodlands_5x15_pockets,
          nzn_winding_woodlands_5x15_lazy_stream,
          nzn_winding_woodlands_5x15_zeroes, nzn_winding_woodlands_5x15_eye,
          nzn_winding_woodlands_15x15_boxy_spiral], layout_loops_cross,
          nicolae_overflow_hidden_temple, uniq_prince_ribbit1
Temple:   nicolae_temple_bog_church

Skill      XL: |  1  2  3  4  5  6  7  8  9 10 11 |
---------------+----------------------------------+-----
Hexes          | 4 5 6 8 9 11 12 | 12.0
Fire Magic     | 1 2 |  2.0
Fighting       | 2 3 4 5 7 |  7.5
Ranged Weapons | 3 4 6 7 9 |  9.9
Translocations | 1 2 |  2.0
Spellcasting   | 2 3 |  3.0
Invocations    | 2 4 5 |  5.6
Shields        | 2 |  2.4
Dodging        | |  1.7

Action                   |  1- 3 |  4- 6 |  7- 9 | 10-12 || total
-------------------------+-------+-------+-------+-------++-------
Melee: Shortbow          |       |       |       |     1 ||     1
 Fire: Sling             |   101 |   170 |   322 |       ||   593
       Shortbow          |       |       |    25 |    84 ||   109
 Cast: Inner Flame       |       |     2 |    11 |    16 ||    29
       Slow              |       |       |    13 |     7 ||    20
       Portal Projectile |       |       |     4 |     1 ||     5
       Cause Fear        |       |       |     2 |       ||     2
 Abil: Dig               |       |     2 |       |       ||     2
  Use: Scroll            |       |       |    10 |       ||    10
       Potion            |       |       |     2 |     1 ||     3
Armor: Robe              |     6 |       |       |       ||     6
       Leather armour    |     6 |    65 |    85 |    21 ||   177
Dodge: Dodged            |    36 |   103 |   125 |    28 ||   292

Table legend: (Time is in decaauts)
 A = Elapsed time spent in this place.
 B = Non-inter-level travel time spent in this place.
 C = Inter-level travel time spent in this place.
 D = Time resting spent in this place.
 E = Time spent auto-exploring this place.
 F = Levels seen in this place.
 G = Mean time per level.
                   A        B        C        D        E       F      G
               +--------+--------+--------+--------+--------+-----+--------+
         Total |   8061 |   7860 |    201 |    893 |   5460 |   9 |  895.7 |
       Dungeon |   7980 |   7796 |    184 |    893 |   5422 |   8 |  997.5 |
        Temple |     80 |     63 |     17 |      0 |     37 |   1 |   80.0 |
               +--------+--------+--------+--------+--------+-----+--------+

Top non-repeatable levels by time:
     D:5: 1995 daAuts
     D:6: 1013 daAuts
     D:3: 950 daAuts
     D:4: 901 daAuts
     D:1: 857 daAuts
     D:7: 836 daAuts
     D:2: 802 daAuts
     D:8: 622 daAuts
  Temple: 80 daAuts
